[Event "Titled Tuesday Blitz January 10 Late 2023"]
[White "Dubov, Daniil"]
[Black "Makarian, Rudik"]
[WhiteFideId "24126055"]
[BlackFideId "44105681"]
[WhiteElo "2708"]
[BlackElo "2545"]
[Result "1-0"]
[Round "09"]
[TimeControl "180+2"]
[Date "2023.01.10"]
[WhiteClock "0:01:55"]
[BlackClock "0:00:42"]

1. d4 Nf6 2. Nf3 c5 3. d5 b5 4. c4 b4 5. Bg5 g6 6. Nbd2 Bg7 7. e4 d6 8. Bd3 O-O 9. O-O a5 10. Re1 Bg4 11. h3 Bxf3 12. Nxf3 Nfd7 13. Qd2 a4 14. Rac1 a3 15. b3 Bc3 16. Rxc3 bxc3 17. Qxc3 f6 18. Bh6 Rf7 19. Bb1 Na6 20. h4 Nb4 21. Nh2 Qa5 22. Bd2 Qc7 23. Ng4 Rff8 24. f4 h5 25. Nh2 Rae8 26. Qg3 Kh7 27. Nf3 Rg8 28. e5 f5 29. Ng5+ Kh6 30. Ne6 1-0


[Site "https://www.chess.com"]

[Event "Titled Tuesday Blitz January 10 Late 2023"]
[White "Fedoseev, Vladimir"]
[Black "Boros, Denes"]
[WhiteFideId "24130737"]
[BlackFideId "722340"]
[WhiteElo "2680"]
[BlackElo "2406"]
[Result "0-1"]
[Round "09"]
[TimeControl "180+2"]
[Date "2023.01.10"]
[WhiteClock "0:01:07"]
[BlackClock "0:00:39"]

1. e4 e5 2. Nf3 Nc6 3. Bb5 Bd6 4. O-O Nge7 5. c3 O-O 6. Re1 a6 7. Bf1 f5 8. Bc4+ Kh8 9. d4 b5 10. Bb3 f4 11. g3 Ng6 12. h4 fxg3 13. fxg3 exd4 14. Ng5 Qf6 15. Qe2 Bxg3 16. Nxh7 Qf2+ 17. Qxf2 Bxf2+ 18. Kh1 Kxh7 19. Rf1 Bb7 20. h5 Nge5 21. Kg2 Be3 22. Bxe3 Rxf1 23. Kxf1 dxe3 24. Ke2 Rf8 25. Na3 Rf2+ 26. Kxe3 Ng4+ 27. Kd3 Nce5+ 28. Kd4 d6 0-1


[Site "https://www.chess.com"]

[Event "Titled Tuesday Blitz January 10 Late 2023"]
[White "Vachier-Lagrave, Maxime"]
[Black "Bryakin, Mikhail"]
[WhiteFideId "623539"]
[BlackFideId "4165314"]
[WhiteElo "2742"]
[BlackElo "2455"]
[Result "0-1"]
[Round "09"]
[TimeControl "180+2"]
[Date "2023.01.10"]
[WhiteClock "0:00:24"]
[BlackClock "0:00:14"]

1. Nf3 Nf6 2. g3 b5 3. c3 Bb7 4. a4 a6 5. Bg2 e6 6. O-O c5 7. d3 d5 8. Na3 b4 9. Nc2 a5 10. Bf4 Nc6 11. Re1 Be7 12. e4 O-O 13. e5 Nd7 14. h4 Re8 15. d4 cxd4 16. cxd4 Ba6 17. b3 Rc8 18. Ne3 Nf8 19. h5 h6 20. Bh3 Nh7 21. Ng2 Ng5 22. Nxg5 Bxg5 23. Bxg5 Qxg5 24. Nf4 Ne7 25. Rc1 Nf5 26. Qd2 Ne7 27. Kh2 Nf5 28. Rc5 Rxc5 29. dxc5 Rc8 30. Rc1 Ne7 31. Qe3 Nc6 32. Re1 Rd8 33. Bg2 Qf5 34. Bf3 Qc2 35. Rc1 Qb2 36. Re1 Qc3 37. g4 Qxe3 38. Rxe3 Nd4 39. Bd1 Rc8 40. g5 hxg5 41. Nh3 Rxc5 42. Nxg5 Rc3 43. Nh3 Rxe3 44. fxe3 Nc6 45. Kg3 Nxe5 46. Nf2 Nd3 47. Ng4 Nc5 48. Kf4 f6 49. h6 Bd3 50. hxg7 Kxg7 51. Nf2 Bg6 52. Kg3 Kf7 53. Nh3 Ke7 54. Nf4 Bf5 55. Ne2 e5 56. Ng1 Kd6 57. Nf3 Be4 58. Nd2 Bd3 59. Kf2 f5 60. Ke1 Ba6 61. Nf3 Nd3+ 62. Kd2 Nc5 63. Nh4 Bd3 64. Ng6 Be4 65. Nh4 Ke6 66. Ng6 Kf6 67. Nh4 Kg5 68. Nf3+ Bxf3 69. Bxf3 Nxb3+ 70. Kc2 Nc5 71. Bxd5 Nxa4 72. Kb3 Nb6 0-1


[Site "https://www.chess.com"]

[Event "Titled Tuesday Blitz January 10 Late 2023"]
[White "Deac, Bogdan-Daniel"]
[Black "Yuan, Qingyu"]
[WhiteFideId "1226380"]
[BlackFideId "8609772"]
[WhiteElo "2700"]
[BlackElo "2373"]
[Result "1-0"]
[Round "09"]
[TimeControl "180+2"]
[Date "2023.01.10"]
[WhiteClock "0:00:05"]
[BlackClock "0:00:02"]

1. b3 d5 2. Bb2 Nf6 3. e3 e6 4. Nf3 Be7 5. c4 O-O 6. g3 b6 7. Bg2 Bb7 8. O-O c5 9. Qe2 Nbd7 10. Ne1 Qc7 11. f4 dxc4 12. bxc4 Bxg2 13. Qxg2 Rab8 14. a4 Qb7 15. d3 Rfd8 16. Qe2 Rbc8 17. g4 Nb8 18. g5 Ne8 19. Rf3 Nd7 20. Nc3 Nf8 21. Ne4 a6 22. Rb1 Qc6 23. Bc3 Qxa4 24. Rxb6 Rb8 25. Rxb8 Rxb8 26. Rf2 Rb1 27. Qa2 Qd1 28. Kg2 Nd6 29. Nxd6 Bxd6 30. Qe2 Qb3 31. Qc2 Ng6 32. Qxb3 Rxb3 33. Rc2 Nh4+ 34. Kf2 Ra3 35. Bd2 h6 36. gxh6 gxh6 37. Rb2 Nf5 38. Ke2 h5 39. Nf3 Kg7 40. Rb6 Be7 41. Rb7 Bf6 42. Rc7 Ra2 43. Rxc5 Bc3 44. Rc7 a5 45. c5 a4 46. Ra7 a3 47. c6 Nd6 48. c7 Rc2 49. Rxa3 Bxd2 50. Nxd2 Rxc7 51. Ra2 Nb5 52. Kf2 Rc3 53. Ke2 Rc1 54. Ra5 Nc3+ 55. Kf3 Rd1 56. Nc4 Rxd3 57. Ne5 Rd1 58. Ra7 Rf1+ 59. Kg2 Re1 60. Rxf7+ Kh6 61. Kf2 Re2+ 62. Kf3 Rxh2 63. Rf6+ Kg7 64. Rg6+ Kh7 65. Rxe6 Rh3+ 66. Kf2 Rh2+ 67. Kg3 Re2 68. Kf3 Rh2 69. Re7+ Kg8 70. Ng6 Rh3+ 71. Kg2 Nd5 72. Kxh3 Nxe7 73. Nxe7+ Kf7 74. Nd5 Ke6 75. e4 h4 76. Kxh4 1-0


[Site "https://www.chess.com"]

[Event "Titled Tuesday Blitz January 10 Late 2023"]
[White "Caruana, Fabiano"]
[Black "Bazeev, German"]
[WhiteFideId "2020009"]
[BlackFideId "24119350"]
[WhiteElo "2764"]
[BlackElo "2369"]
[Result "1-0"]
[Round "09"]
[TimeControl "180+2"]
[Date "2023.01.10"]
[WhiteClock "0:00:21"]
[BlackClock "0:00:12"]

1. c4 e5 2. Nc3 Nf6 3. Nf3 Nc6 4. g3 Bb4 5. Bg2 Bxc3 6. bxc3 O-O 7. d4 d6 8. O-O h6 9. Rb1 Re8 10. e3 Bf5 11. Rxb7 Be4 12. Nd2 Bxg2 13. Kxg2 Qc8 14. Rb1 Qa6 15. a4 Na5 16. Rb4 d5 17. c5 Nc6 18. Rb5 Qc8 19. Qf3 a6 20. Rb1 h5 21. h3 h4 22. g4 e4 23. Qf4 Ne7 24. c4 Ng6 25. Qf5 Qxf5 26. gxf5 Ne7 27. Rb7 Rac8 28. cxd5 Nxf5 29. Ra7 Nxd5 30. Rxa6 Nfxe3+ 31. fxe3 Nxe3+ 32. Kf2 Nxf1 33. Nxf1 Ra8 34. Rxa8 Rxa8 35. Bf4 c6 36. Ke3 f5 37. d5 cxd5 38. Kd4 Rxa4+ 39. Kxd5 Kf7 40. c6 Kf6 41. c7 Ra8 42. Be5+ Kg5 43. Nd2 Kh5 44. Bxg7 Rc8 45. Be5 Kg5 46. Nc4 f4 47. Kxe4 1-0


[Site "https://www.chess.com"]

[Event "Titled Tuesday Blitz January 10 Late 2023"]
[White "Chigaev, Maksim"]
[Black "Nazari, Arad"]
[WhiteFideId "4108116"]
[BlackFideId "12577324"]
[WhiteElo "2628"]
[BlackElo "2367"]
[Result "1-0"]
[Round "09"]
[TimeControl "180+2"]
[Date "2023.01.10"]
[WhiteClock "0:00:17"]
[BlackClock "0:00:03"]

1. e4 c5 2. Nf3 d6 3. d4 cxd4 4. Nxd4 Nf6 5. Nc3 a6 6. Bg5 Nbd7 7. Bc4 e6 8. Qd2 h6 9. Be3 Ne5 10. Bb3 b5 11. O-O-O Bd7 12. f4 Neg4 13. h3 b4 14. hxg4 bxc3 15. Qxc3 Nxe4 16. Qe1 d5 17. g5 g6 18. Kb1 a5 19. a4 Rb8 20. g4 Bg7 21. gxh6 Rxh6 22. Rxh6 Bxh6 23. f5 Bxe3 24. Qxe3 Qg5 25. Qe1 Qxg4 26. fxe6 fxe6 27. Rd3 g5 28. Qxa5 Qg1+ 29. Ka2 g4 30. Qc7 Rc8 31. Qe5 Qf2 32. Nxe6 Nc5 33. Nxc5+ 1-0


[Site "https://www.chess.com"]

[Event "Titled Tuesday Blitz January 10 Late 2023"]
[White "Hernandez Gonzalez, William"]
[Black "Svane, Rasmus"]
[WhiteFideId "3509915"]
[BlackFideId "4657101"]
[WhiteElo "2489"]
[BlackElo "2623"]
[Result "0-1"]
[Round "09"]
[TimeControl "180+2"]
[Date "2023.01.10"]
[WhiteClock "0:00:01"]
[BlackClock "0:00:05"]

1. e4 c6 2. d4 d5 3. exd5 cxd5 4. Bd3 Nc6 5. c3 Nf6 6. Bf4 Bg4 7. Nf3 e6 8. O-O Bd6 9. Bxd6 Qxd6 10. Re1 O-O 11. Nbd2 Rab8 12. Qe2 a6 13. h3 Bh5 14. a4 Rfe8 15. Qe3 Qc7 16. Ne5 Nxe5 17. dxe5 Nd7 18. Nb3 Qb6 19. Nd4 Rbc8 20. Qd2 Nc5 21. a5 Qc7 22. Bc2 Bg6 23. Bxg6 hxg6 24. f3 b6 25. axb6 Qxb6 26. Kh1 a5 27. Re2 Rb8 28. Rae1 Nb3 29. Nxb3 Qxb3 30. Ra1 Rb5 31. Qd3 Rc8 32. Rd2 Qc4 33. Qe3 Rcb8 34. Qf2 Qc7 35. f4 Qb6 36. Qxb6 R8xb6 37. Ra2 f6 38. Kg1 Kf7 39. Kf2 g5 40. Ke3 gxf4+ 41. Kxf4 Rc6 42. exf6 gxf6 43. Ke3 e5 44. Kd3 Ke6 45. Rf2 Rc8 46. Ra1 Rg8 47. Raf1 Rg6 48. g4 Rb8 49. Kc2 Rh8 50. Rf3 Rh4 51. Ra1 Rgh6 52. Rxa5 Rxh3 53. Ra6+ Kf7 54. Raxf6+ Rxf6 55. Rxh3 Rf2+ 56. Kc1 Rg2 57. Rh5 Kf6 58. Rh6+ Ke7 59. Rg6 e4 60. b4 e3 61. Kd1 Rd2+ 62. Ke1 Rc2 63. Rc6 d4 64. Rc4 dxc3 65. Re4+ Kd6 66. Rxe3 Kd5 67. Kd1 Rd2+ 68. Kc1 Kc4 69. b5 Kb3 70. Re1 Ra2 71. Kb1 c2+ 72. Kc1 Ra1+ 0-1


[Site "https://www.chess.com"]

[Event "Titled Tuesday Blitz January 10 Late 2023"]
[White "Averjanov, Alexey"]
[Black "Zierk, Steven"]
[WhiteFideId "14109867"]
[BlackFideId "2034255"]
[WhiteElo "2399"]
[BlackElo "2488"]
[Result "1/2-1/2"]
[Round "09"]
[TimeControl "180+2"]
[Date "2023.01.10"]
[WhiteClock "0:00:07"]
[BlackClock "0:00:34"]

1. d4 e6 2. c4 f5 3. Nf3 Nf6 4. g3 d5 5. Bg2 Bd6 6. O-O c6 7. b3 Qe7 8. a4 a5 9. Ba3 Bxa3 10. Nxa3 O-O 11. Nc2 b6 12. Nce1 Na6 13. Nd3 Bb7 14. Rc1 Rac8 15. Qd2 Nb4 16. Nxb4 axb4 17. Qb2 Ne4 18. Ne5 Nc3 19. e3 c5 20. cxd5 Bxd5 21. Bxd5 exd5 22. Qd2 c4 23. f3 cxb3 24. Qb2 Nxa4 25. Qxb3 Nc3 26. Rc2 Qd6 27. Rb2 Ra8 28. Qxb4 Qxb4 29. Rxb4 b5 30. Rb3 Rfc8 31. Kg2 Ra2+ 32. Rf2 Rxf2+ 33. Kxf2 Kf8 34. Nd7+ Ke7 35. Nc5 Na4 36. Rxb5 Nxc5 37. dxc5 Ra8 38. Rb7+ Kf6 39. Rd7 Ra2+ 40. Kg1 Re2 41. Rxd5 Rxe3 42. Kf2 Rc3 43. g4 fxg4 44. fxg4 g5 45. Rf5+ Kg6 46. Rd5 Kf6 47. Rd6+ Ke5 48. Rh6 Kf4 49. h3 Rxc5 50. Rxh7 Rc2+ 51. Ke1 Kg3 52. Rh5 Rh2 53. Rxg5 Rxh3 54. Rg8 Rh2 55. g5 Kg4 56. g6 Rh6 57. Kf2 Kg5 58. g7 Kg6 59. Ke3 Rh7 60. Kf4 Rxg7 61. Rxg7+ Kxg7 1/2-1/2


[Site "https://www.chess.com"]

[Event "Titled Tuesday Blitz January 10 Late 2023"]
[White "Moroni, Luca Jr"]
[Black "Fiorito, Joaquin"]
[WhiteFideId "865834"]
[BlackFideId "180173"]
[WhiteElo "2535"]
[BlackElo "2405"]
[Result "1-0"]
[Round "09"]
[TimeControl "180+2"]
[Date "2023.01.10"]
[WhiteClock "0:00:14"]
[BlackClock "0:00:08"]

1. d4 Nf6 2. Nf3 d5 3. c3 c5 4. dxc5 e6 5. Be3 Qc7 6. b4 a5 7. Nbd2 Nbd7 8. Nb3 axb4 9. cxb4 g6 10. g3 Bg7 11. Bg2 Ng4 12. Bd4 e5 13. Bb2 d4 14. O-O O-O 15. Nfd2 Rd8 16. Nc4 Nf8 17. Nb6 Rb8 18. Nxc8 Rbxc8 19. e3 Nxf2 20. Qe2 dxe3 21. Qxe3 Nd3 22. Bc3 f5 23. Rad1 e4 24. Bxg7 Qxg7 25. g4 Nxb4 26. Rxd8 Rxd8 27. gxf5 gxf5 28. Rxf5 Rd1+ 29. Rf1 Rxf1+ 30. Kxf1 Qf7+ 31. Kg1 Nxa2 32. Bxe4 Nb4 33. Nd4 Ng6 34. Nf5 Qf6 35. Qb3+ Kf8 36. Qxb4 Qg5+ 37. Ng3 Qc1+ 38. Kf2 Qf4+ 39. Ke2 Qg4+ 40. Ke1 Kg7 41. Qxb7+ Kh6 42. Qb4 Ne5 43. Qd2+ Kg7 44. Qd4 Qf4 45. Nh5+ 1-0


[Site "https://www.chess.com"]

[Event "Titled Tuesday Blitz January 10 Late 2023"]
[White "Movahed, Sina"]
[Black "Kuznecovs, Nikita"]
[WhiteFideId "42520835"]
[BlackFideId "11604557"]
[WhiteElo "2340"]
[BlackElo "2287"]
[Result "1-0"]
[Round "09"]
[TimeControl "180+2"]
[Date "2023.01.10"]
[WhiteClock "0:02:39"]
[BlackClock "0:02:18"]

1. e4 e6 2. d4 d5 3. e5 c5 4. c3 Nc6 5. Nf3 Qb6 6. Bd3 cxd4 7. O-O Bd7 8. Re1 h6 9. h4 g6 10. cxd4 Nxd4 11. Nc3 Ne7 12. Nxd4 Qxd4 13. Nb5 Qxh4 14. Nd6+ 1-0


[Site "https://www.chess.com"]

[Event "Titled Tuesday Blitz January 10 Late 2023"]
[White "Taghizadeh, Rayan"]
[Black "Bortnyk, Olexandr"]
[WhiteFideId "2054019"]
[BlackFideId "14120828"]
[WhiteElo "2273"]
[BlackElo "2605"]
[Result "0-1"]
[Round "09"]
[TimeControl "180+2"]
[Date "2023.01.10"]
[WhiteClock "0:00:09"]
[BlackClock "0:00:56"]

1. b3 d5 2. Bb2 Bf5 3. Nf3 e6 4. e3 Nf6 5. c4 c6 6. Nc3 Nbd7 7. Be2 Bd6 8. O-O h6 9. d4 Ne4 10. Qc1 O-O 11. Nxe4 Bxe4 12. Nd2 Bh7 13. Ba3 Qe7 14. Bxd6 Qxd6 15. Qc3 Rfe8 16. Rac1 Rac8 17. Bd3 Bxd3 18. Qxd3 e5 19. h3 e4 20. Qc3 Nf6 21. cxd5 Nxd5 22. Qc5 Qxc5 23. Rxc5 f5 24. a3 f4 25. Re1 fxe3 26. fxe3 a6 27. Rc2 Re6 28. Nc4 Rd8 29. Na5 Rd7 30. Nc4 Kh7 31. Ne5 Rde7 32. b4 Nf6 33. Rf2 Rd6 34. Kf1 Rd5 35. Ke2 a5 36. g4 axb4 37. axb4 Rb5 38. Rb1 Nd5 39. Kd2 Rxb4 40. Rxb4 Nxb4 41. Rf8 Nd5 42. h4 g5 43. h5 Kg7 44. Rb8 Nf6 45. Ke2 c5 46. Kd2 cxd4 47. exd4 Nd5 48. Ng6 e3+ 49. Ke1 Rc7 50. Rd8 Nf4 51. Nxf4 gxf4 52. Ke2 Rc2+ 53. Kf3 Rf2+ 54. Ke4 e2 55. Kf5 e1=Q 56. Rd7+ Kf8 0-1


[Site "https://www.chess.com"]

[Event "Titled Tuesday Blitz January 10 Late 2023"]
[White "Borges Feria, Yasel"]
[Black "Kamsky, Gata"]
[WhiteFideId "3504921"]
[BlackFideId "2000024"]
[WhiteElo "2439"]
[BlackElo "2665"]
[Result "1-0"]
[Round "09"]
[TimeControl "180+2"]
[Date "2023.01.10"]
[WhiteClock "0:00:04"]
[BlackClock "0:00:07"]

1. e4 g6 2. d4 Bg7 3. Nc3 d6 4. Bg5 h6 5. Be3 a6 6. Qd2 b5 7. f3 Bb7 8. h4 e6 9. O-O-O Nd7 10. Kb1 Ngf6 11. g4 Qe7 12. g5 hxg5 13. Bxg5 b4 14. Nce2 a5 15. Nh3 e5 16. d5 Nc5 17. Nf2 Qd7 18. Ng3 Bc8 19. Bc4 Nh7 20. Qe2 Ba6 21. Bxa6 Nxa6 22. Be3 Nf6 23. Bg5 Nh5 24. Nxh5 Rxh5 25. Ng4 Nc5 26. Rhg1 Rb8 27. f4 Qb5 28. Qf3 b3 29. cxb3 a4 30. Bf6 axb3 31. a3 Bf8 32. fxe5 dxe5 33. Bxe5 Nd7 34. Bc3 Qc4 35. Rgf1 Rh7 36. Ne3 Qa4 37. e5 Bxa3 38. e6 Bd6 39. exd7+ Kxd7 40. Rd4 Qa2+ 41. Kc1 Re8 42. Ng4 Kc8 43. Nf6 Rhh8 44. Nxe8 Rxe8 45. Kd2 f5 46. Re1 Rxe1 47. Kxe1 Qb1+ 48. Ke2 Qh1 49. Qxh1 1-0


[Site "https://www.chess.com"]

[Event "Titled Tuesday Blitz January 10 Late 2023"]
[White "Hansen, Eric"]
[Black "Domingo Nunez, Alejandro"]
[WhiteFideId "2606771"]
[BlackFideId "22245561"]
[WhiteElo "2609"]
[BlackElo "2338"]
[Result "1-0"]
[Round "09"]
[TimeControl "180+2"]
[Date "2023.01.10"]
[WhiteClock "0:00:55"]
[BlackClock "0:00:03"]

1. Nf3 Nf6 2. g3 g6 3. Bg2 Bg7 4. O-O O-O 5. d3 d5 6. Nc3 c5 7. e4 d4 8. Ne2 Nc6 9. Nd2 e5 10. h3 Ne8 11. a4 Nd6 12. b3 Be6 13. Nc4 b6 14. f4 f6 15. f5 Bf7 16. fxg6 hxg6 17. g4 Rc8 18. h4 Be6 19. Ng3 Nxc4 20. bxc4 Qd7 21. Bf3 Ne7 22. h5 f5 23. exf5 gxf5 24. gxf5 Nxf5 25. Nxf5 Bxf5 26. Bd5+ Kh8 27. h6 Bf6 28. Qh5 Rg8+ 29. Kh2 Bg4 30. Qf7 Rcf8 31. Qxd7 Bxd7 32. Bxg8 Kxg8 33. Bg5 Bxg5 34. h7+ Kxh7 35. Rxf8 Bf4+ 36. Rxf4 exf4 37. a5 b5 38. Re1 Kg6 39. Re7 Bg4 40. cxb5 Bd1 41. b6 axb6 42. axb6 1-0


[Site "https://www.chess.com"]

[Event "Titled Tuesday Blitz January 10 Late 2023"]
[White "Goryachkina, Aleksandra"]
[Black "Ivic, Velimir"]
[WhiteFideId "4147103"]
[BlackFideId "950122"]
[WhiteElo "2571"]
[BlackElo "2595"]
[Result "0-1"]
[Round "09"]
[TimeControl "180+2"]
[Date "2023.01.10"]
[WhiteClock "0:00:01"]
[BlackClock "0:01:02"]

1. d4 Nf6 2. c4 g6 3. Nc3 Bg7 4. e4 d6 5. Nf3 O-O 6. Bd3 e5 7. d5 a5 8. h3 Nh5 9. O-O Na6 10. Be3 Qe8 11. Nd2 f5 12. exf5 gxf5 13. Be2 Nf6 14. f4 e4 15. Kh1 h5 16. Nb3 Bd7 17. Nxa5 b6 18. Nb3 Kh7 19. Nd4 Bh6 20. a3 Qg6 21. Ne6 Bxe6 22. dxe6 Rg8 23. Rf2 Nc5 24. Nd5 Nxe6 25. Nxf6+ Qxf6 26. Bxh5 Rg3 27. Qd2 Rag8 28. Be2 Qh4 29. Bf1 Rxe3 30. Qxe3 Nxf4 31. Qe1 Nh5 32. a4 Ng3+ 33. Kg1 f4 34. Ra3 f3 35. Rfxf3 exf3 36. Rxf3 Qd4+ 37. Kh2 Qe5 38. Qxe5 dxe5 39. Bd3+ e4 40. Rf7+ Kh8 41. Bc2 c5 42. b4 cxb4 43. Rf6 Be3 44. a5 bxa5 0-1


[Site "https://www.chess.com"]

[Event "Titled Tuesday Blitz January 10 Late 2023"]
[White "Sokolovsky, Yahli"]
[Black "Holt, Conrad"]
[WhiteFideId "2820242"]
[BlackFideId "2034387"]
[WhiteElo "2461"]
[BlackElo "2540"]
[Result "1-0"]
[Round "09"]
[TimeControl "180+2"]
[Date "2023.01.10"]
[WhiteClock "0:00:21"]
[BlackClock "0:00:01"]

1. b3 d5 2. e3 e5 3. Bb2 Bd6 4. Nf3 Qe7 5. c4 Nf6 6. Nc3 e4 7. Nd4 dxc4 8. Bxc4 O-O 9. Qc2 c5 10. Ndb5 Be5 11. Nd5 Nxd5 12. Bxd5 Bxb2 13. Qxb2 Nc6 14. Qc2 Nb4 15. Qxe4 Qg5 16. Bxb7 Bxb7 17. Qxb7 Rab8 18. Qe4 Rxb5 19. O-O Qg6 20. Qc4 Qd3 21. a3 Qd6 22. Qxb5 Nd3 23. Qc4 Kh8 24. b4 1-0


[Site "https://www.chess.com"]

[Event "Titled Tuesday Blitz January 10 Late 2023"]
[White "Kozak, Adam"]
[Black "Vlassov, Nikolai"]
[WhiteFideId "753246"]
[BlackFideId "4103360"]
[WhiteElo "2572"]
[BlackElo "2283"]
[Result "1-0"]
[Round "09"]
[TimeControl "180+2"]
[Date "2023.01.10"]
[WhiteClock "0:00:11"]
[BlackClock "0:00:14"]

1. c4 e5 2. Nc3 Nf6 3. Nf3 Nc6 4. e4 Bb4 5. d3 d6 6. a3 Bxc3+ 7. bxc3 O-O 8. Be2 Ne8 9. O-O f5 10. exf5 Bxf5 11. a4 Nf6 12. a5 a6 13. Qb3 Rb8 14. Be3 Ng4 15. Bg5 Qd7 16. d4 h6 17. Bh4 e4 18. Nd2 e3 19. fxe3 Nxe3 20. Rf3 Rfe8 21. Bf1 Bg4 22. Rf2 Nf5 23. Bg3 Nxg3 24. hxg3 Ne7 25. Re1 Nf5 26. c5+ Kh8 27. Rxe8+ Qxe8 28. cxd6 cxd6 29. Qd5 Nxg3 30. Qxd6 Nxf1 31. Nxf1 Rc8 32. c4 Be2 33. c5 Bxf1 34. Rxf1 Qe3+ 35. Kh1 Qe2 36. Rf8+ Rxf8 37. Qxf8+ Kh7 38. Qf5+ Kh8 39. Kh2 Qe1 40. Qe5 Qxa5 41. Qe8+ Kh7 42. Qe4+ Kh8 43. Qxb7 Qd2 44. Qa8+ Kh7 45. Qe4+ Kh8 46. c6 Qc1 47. Qe8+ Kh7 48. Qe4+ Kh8 49. d5 Qc5 50. Qe5 Qf2 51. c7 Qh4+ 52. Kg1 Qe1+ 53. Qxe1 1-0


[Site "https://www.chess.com"]

[Event "Titled Tuesday Blitz January 10 Late 2023"]
[White "Klose, Eli"]
[Black "Kazakouski, Valery"]
[WhiteFideId "16242955"]
[BlackFideId "13507443"]
[WhiteElo "1519"]
[BlackElo "2539"]
[Result "1/2-1/2"]
[Round "09"]
[TimeControl "180+2"]
[Date "2023.01.10"]
[WhiteClock "0:00:14"]
[BlackClock "0:00:04"]

1. e4 c5 2. Nc3 Nc6 3. d3 g6 4. g3 Bg7 5. Bg2 e6 6. Be3 d6 7. Qd2 Rb8 8. Nge2 b5 9. O-O Nd4 10. Nd1 Ne7 11. c3 Nxe2+ 12. Qxe2 b4 13. Qd2 Ba6 14. c4 h5 15. Bg5 Qc7 16. a3 Bc8 17. axb4 Rxb4 18. Nc3 Bd7 19. Ra2 f6 20. Be3 f5 21. Rfa1 Nc8 22. exf5 gxf5 23. d4 Rxc4 24. dxc5 dxc5 25. Rd1 Nb6 26. Ra6 Bd4 27. Bf4 e5 28. Re1 O-O 29. Rxb6 Qxb6 30. Bd5+ Be6 31. Bxc4 Bxc4 32. Bxe5 f4 33. Bxf4 Qf6 34. Be3 Ba6 35. Rd1 Bxc3 36. bxc3 Bb7 37. Bh6 Re8 38. Qg5+ Qxg5 39. Bxg5 a5 40. Be3 c4 41. Ra1 Ra8 42. Ra4 Bd5 43. Bd4 Bc6 44. Rxc4 Bf3 45. Rc5 a4 46. Rg5+ Kh7 47. c4 a3 48. Rf5 Be4 49. Rf4 Bd3 50. Ba1 a2 51. Kg2 Rb8 52. Rd4 Bf5 53. Rd2 Be6 54. Rxa2 Bxc4 55. Ra7+ Kg6 56. h3 Bd5+ 57. f3 Rb1 58. g4 hxg4 59. hxg4 Rb3 60. Ra6+ Kh7 61. Rf6 Ra3 62. Be5 Re3 63. Rf5 Be6 64. Bf4 Re2+ 65. Kg3 Bxf5 66. gxf5 Re8 67. Bg5 Kg8 68. Kf4 Kf7 69. Bh4 Rc8 70. Kg4 Ra8 71. f4 Ra6 72. Bg5 Ra4 73. f6 Ra2 74. Kf5 Rc2 75. Kg4 Rc5 76. Kf3 Rd5 77. Ke4 Rb5 78. Kf3 Rb1 79. Kg4 Rf1 80. Kg3 Re1 81. Kf3 Re6 82. Kg4 Re8 83. Kf5 Rc8 84. Kg4 Kg6 85. Kf3 Kf5 86. Ke3 Re8+ 87. Kd4 Kg6 88. Kd5 Kf7 89. Kd6 Re2 90. Kc5 Rd2 91. Kc4 Rd1 92. Kc3 Rd7 93. Kc4 Ke6 94. Kc5 Rd5+ 95. Kc6 Rd7 96. Kc5 Kf5 97. Kc6 Rf7 98. Kd6 Rh7 99. Kd5 Rd7+ 100. Kc6 Ra7 101. Kd6 Rf7 102. Kd5 Rd7+ 103. Kc6 1/2-1/2


[Site "https://www.chess.com"]

[Event "Titled Tuesday Blitz January 10 Late 2023"]
[White "Jaracz, Pawel"]
[Black "Pham, Khoi"]
[WhiteFideId "1102222"]
[BlackFideId "1054988"]
[WhiteElo "2467"]
[BlackElo "2355"]
[Result "0-1"]
[Round "09"]
[TimeControl "180+2"]
[Date "2023.01.10"]
[WhiteClock "0:00:18"]
[BlackClock "0:00:08"]

1. e4 c5 2. Nf3 e6 3. d4 cxd4 4. Nxd4 Nf6 5. Nc3 Nc6 6. Nxc6 bxc6 7. e5 Nd5 8. Ne4 Qc7 9. f4 Rb8 10. Bd3 f5 11. exf6 Nxf6 12. O-O d5 13. Nxf6+ gxf6 14. c4 Bc5+ 15. Kh1 O-O 16. b3 Ba6 17. Qc2 Bd4 18. Rb1 e5 19. Ba3 Rf7 20. Bf5 Re8 21. Rbd1 dxc4 22. bxc4 c5 23. Be4 Bb7 24. Rde1 Bxe4 25. Rxe4 f5 26. Re2 e4 27. Qa4 Rb8 28. h3 Rg7 29. Bc1 Qd7 30. Qc2 Qb7 31. Kh2 Qb1 32. Qd1 Rb4 33. Rc2 Rbb7 34. Qe2 Qb6 35. g3 Qg6 36. Qe1 Qc6 37. Rg2 Qa4 38. Qe2 Rb4 39. g4 Rxc4 40. gxf5 Rxg2+ 41. Qxg2+ Kf7 42. Qg4 Rc2+ 43. Kh1 Qc4 44. Qh5+ Ke7 45. Qxh7+ Kd6 46. Qg6+ Kc7 0-1


[Site "https://www.chess.com"]

[Event "Titled Tuesday Blitz January 10 Late 2023"]
[White "Rostomyan, Mikayel"]
[Black "Sanal, Vahap"]
[WhiteFideId "13313754"]
[BlackFideId "6300545"]
[WhiteElo "2222"]
[BlackElo "2600"]
[Result "1/2-1/2"]
[Round "09"]
[TimeControl "180+2"]
[Date "2023.01.10"]
[WhiteClock "0:00:06"]
[BlackClock "0:00:04"]

1. Nf3 Nf6 2. b3 g6 3. Bb2 Bg7 4. e3 c5 5. c4 O-O 6. Be2 Nc6 7. O-O d6 8. d4 cxd4 9. Nxd4 Bd7 10. Nc3 a6 11. Nxc6 Bxc6 12. Bf3 Rc8 13. Bxc6 Rxc6 14. Qe2 Qb8 15. Rfd1 Rfc8 16. Nd5 Nxd5 17. Bxg7 Kxg7 18. Rxd5 b5 19. cxb5 axb5 20. h3 Rc5 21. Rxc5 Rxc5 22. a4 bxa4 23. bxa4 Qb4 24. Qe1 Qc4 25. a5 Qa6 26. Qb4 h5 27. Qd4+ Kh7 28. Qb4 Kg8 29. Qb8+ Kg7 30. Qb2+ Kh7 31. Qb3 d5 32. Qb4 Rc7 33. Qb6 Qxb6 34. axb6 Rb7 35. Ra7 Rxb6 36. Rxe7 Kg7 37. Rd7 Rb5 38. h4 Kf6 39. Kh2 Ke6 40. Ra7 Rb2 41. Kg3 Rb4 42. Ra6+ Ke5 43. Ra7 Rg4+ 44. Kf3 f6 45. g3 Rb4 46. Ra8 Rb3 47. Rg8 Kf5 48. Rd8 Ke6 49. Kg2 Rb2 50. Ra8 Kf5 51. Ra5 Ke5 52. Kf3 Rb3 53. Kg2 Rc3 54. Ra8 Rc2 55. Re8+ Kf5 56. Rd8 Rd2 57. Ra8 Rd1 58. Ra5 g5 59. hxg5 fxg5 60. Ra8 Rd2 61. Rh8 Kg4 62. Ra8 Rc2 63. Rd8 Rd2 64. Ra8 h4 65. gxh4 Kxh4 66. Rh8+ Kg4 67. Ra8 Kf5 68. Rf8+ Ke5 69. Rg8 Kf6 70. Kg3 Rd1 71. Rf8+ Ke6 72. Ra8 Rg1+ 73. Kf3 Ke5 74. Re8+ Kd6 75. Rg8 Ke6 76. Re8+ Kf6 77. Ra8 Rh1 78. Ra5 Ke5 79. e4 g4+ 80. Kg2 Re1 81. exd5 Rd1 82. Kg3 Rd2 83. Rb5 Kd6 84. Rb8 Kd7 85. Rb5 Kd6 86. Ra5 Ke5 87. Ra8 Kd6 88. Rd8+ Ke7 89. Rg8 Kd6 90. Rxg4 Kxd5 91. Rg8 Ke6 92. Rf8 Ke7 93. Rf3 Ke6 94. Rf4 Ke5 95. f3 Rd1 96. Rf8 Rg1+ 97. Kf2 Ra1 98. f4+ Ke4 99. f5 Kf4 100. f6 Ra2+ 101. Ke1 Kf5 102. f7 Kf6 103. Kd1 Ra7 104. Kc1 Rc7+ 105. Kd2 Rxf7 106. Rxf7+ Kxf7 1/2-1/2


[Site "https://www.chess.com"]

[Event "Titled Tuesday Blitz January 10 Late 2023"]
[White "Baskakov, Egor"]
[Black "Hsu, Li Yang"]
[WhiteFideId "24197866"]
[BlackFideId "5800080"]
[WhiteElo "2215"]
[BlackElo "2427"]
[Result "1-0"]
[Round "09"]
[TimeControl "180+2"]
[Date "2023.01.10"]
[WhiteClock "0:00:18"]
[BlackClock "0:00:03"]

1. e4 g6 2. g3 Bg7 3. Bg2 c5 4. Ne2 Nc6 5. O-O e6 6. c3 Nge7 7. d4 cxd4 8. Nxd4 O-O 9. Be3 d5 10. exd5 Nxd5 11. Nxc6 bxc6 12. Bc5 Re8 13. Nd2 Ba6 14. Re1 Qc7 15. Ne4 Red8 16. Qa4 Bb5 17. Qc2 Ba6 18. Rad1 h6 19. c4 Nb6 20. Bd6 Qc8 21. b3 Bb7 22. Be7 Rxd1 23. Rxd1 Qc7 24. Bd6 Qc8 25. Nc5 Nd7 26. Qe4 Nxc5 27. Bxc5 Qc7 28. Qd3 Bf6 29. b4 Rd8 30. Qe2 Rxd1+ 31. Qxd1 a5 32. Bd6 Qb6 33. Bc5 Qc7 34. a3 axb4 35. axb4 Ba6 36. Bf1 Qe5 37. Qa4 Bb7 38. Qa7 Qc7 39. Bg2 Bd8 40. Bf3 Kg7 41. Kg2 Qd7 42. h4 h5 43. Bb6 Bxb6 44. Qxb6 Ba8 45. c5 e5 46. b5 Qf5 47. Bxc6 e4 48. Bxa8 Qf3+ 49. Kg1 Qd1+ 50. Kh2 1-0


[Site "https://www.chess.com"]